 Dungeon Sprint DCSS version 0.14-a0-1844-g8283a67 (webtiles) character file.

14067 Caerthir the Ogreish Ballista (level 11, -6/105 HPs)
             Began as an Ogre Hunter on Jan 13, 2014.
             Was the Champion of Okawaru.
             Mangled by a vampire mage
             ... wielding a +0,+0 flail
              (9 damage)
             ... in the Dungeon (Sprint IX: "|||||||||||||||||||||||||||||").
             The game lasted 00:15:59 (1568 turns).

Caerthir the Ogreish Ballista (Ogre Hunter)         Turns: 1568, Time: 00:15:59

HP  -6/105       AC 17     Str 22      XL: 11   Next: 91%
MP  11/11        EV  7     Int 14      God: Okawaru [******]
Gold 1780        SH  0     Dex 10      Spells:  0 memorised, 10 levels left

rFire  . . .     SeeInvis .     b - +12,+6 crossbow of the People {elec, rC+ Int+4}
rCold  + + +     Clarity  .     w - +2 storm dragon armour
rNeg   . . .     Conserve .     (shield restricted)
rPois  .         rCorr    .     (helmet restricted)
rElec  +         rRot     .     o - +1 cloak of the Forgotten Runes {rElec rC++}
SustAb . .       Spirit   .     (gloves unavailable)
rMut   .         Warding  .     (boots unavailable)
Saprov + . .     NoTele   +     (no amulet)
                                q - +2 ring of protection
                                p - +2 ring of evasion

@: drained, somewhat resistant to hostile enchantments, extremely unstealthy
A: unfitting armour, fast metabolism 1, saprovore 1, tough skin 1
a: Heroism, Finesse, Renounce Religion


You were in the Dungeon.
You worshipped Okawaru.
Okawaru was exalted by your worship.
You were full.

You visited 1 branch You collected 1922 gold pieces.
You spent 142 gold pieces at shops.

Inventory:

Hand weapons
 a - a +3,+4 giant club
 b - the +12,+6 crossbow of the People (weapon) {elec, rC+ Int+4}
   (Okawaru gifted it to you in the Dungeon)

   It charges the ammunition it shoots with electricity; occasionally upon a
   hit, such missiles may discharge and cause terrible harm.
   It affects your intelligence (+4).
   It protects you from cold.
 z - a +4,+1 mace of protection
Missiles
 c - a javelin of returning (quivered)
Armour
 o - the +1 cloak of the Forgotten Runes (worn) {rElec rC++}
   (Okawaru gifted it to you in the Dungeon)

   It greatly protects you from cold.
   It insulates you from electricity.
 w - a +2 storm dragon armour (worn)
Comestibles
 f - a meat ration
 x - 7 bread rations
Scrolls
 k - 3 scrolls of blinking
 n - 2 scrolls of fog
 u - 2 scrolls of fear
Jewellery
 p - a +2 ring of evasion (left hand)
 q - a +2 ring of protection (right hand)
 s - an uncursed ring of fire
 t - an uncursed ring of protection from cold
 v - an uncursed ring of protection from cold
 y - an uncursed ring of fire
Potions
 d - a potion of restore abilities
 e - 5 potions of curing
 g - 9 potions of heal wounds
 h - a potion of speed
 i - 4 potions of magic
 j - a potion of berserk rage
 l - a potion of invisibility
 m - a potion of might
 r - 2 potions of resistance


   Skills:
 + Level 6.0(4.9) Fighting
 + Level 5.3(4.2) Maces & Flails
 O Level 27(25.3) Throwing
 - Level 1.8(0.8) Dodging
 - Level 0.7(0.0) Stealth


You had 10 spell levels left.
You didn't know any spells.

Dungeon Overview and Level Annotations

Branches:
Dungeon (1/1)

Altars:
Ashenzari
Cheibriados
Elyvilon
Fedhas
Kikubaaqudgha
Makhleb
Nemelex Xobeh
Okawaru
Sif Muna
Trog
Vehumet
Xom
Yredelemnul
Zin
the Shining One

Shops:
D !(**


Innate Abilities, Weirdness & Mutations

You are too large for most types of armour.
You have a fast metabolism.
You can tolerate rotten meat.
You have tough skin (AC +1).


Message History

The vampire mage is heavily damaged.
The vampire mage casts a spell.
The vampire mage flickers and vanishes!
Deactivating autopickup; reactivate with Ctrl-A.
Throwing (i - inventory):
c - a javelin of returning (quivered)
Press: ? - help, Shift-Dir - straight line, f/p - ogre zombie
Aim: an ogre zombie wearing a robe You throw a javelin of returning.
The javelin of returning hits something.
The javelin of returning returns to your pack!
Something hits you but does no damage. Something bites you but does no damage.
Unknown command.
Throwing (i - inventory):
c - a javelin of returning (quivered)
Press: ? - help, Shift-Dir - straight line, f/p - ogre zombie
Aim: an ogre zombie wearing a robe You throw a javelin of returning.
The javelin of returning hits something.
The javelin of returning returns to your pack!
Something hits you!
You die...

▓.▓.▓'▓.▓)▓.▓.▓
▓|▓.▓.▓.▓)▓.▓'▓
▓)▓.▓.▓.▓)▓.▓.▓
▓[▓.▓.▓.▓)▓.▓)▓
▓[▓.▓.▓.▓)▓.▓.▓
▓[▓.▓.▓.▓∩▓.▓.▓
▓.▓.▓.▓.▓)▓.▓)▓
▓.▓.▓.▓.▓∩▓.▓[▓
▓'▓.▓.▓.▓.▓.▓@▓
▓)▓.▓[▓.▓∩▓.▓(▓
▓[▓.▓.▓.▓)▓.▓Z▓
▓.▓.▓(▓.▓∩▓.▓.▓
▓)▓.▓(▓.▓)▓.▓.▓
▓.▓.▓'▓.▓)▓.▓.▓
▓)▓.▓%▓.▓.▓.▓.▓
▓'▓.▓.▓.▓.▓.▓(▓
▓.▓.▓[▓.▓.▓.▓.▓


You could see an ogre zombie.

Vanquished Creatures
  A hydra (D)
  An ogre mage (D)
  A naga warrior (D)
  Urug (D)
  A centaur warrior (D)
  6 orc knights (D)
  A hill giant (D)
  3 orc sorcerers (D)
  Psyche (D)
  A fire drake (D)
  A troll (D)
  A yaktaur (D)
  Sonja (D)
  3 polar bears (D)
  3 grizzly bears (D)
  Grum (D)
  3 wolves (D)
  4 porcupines (D)
  8 orc warriors (D)
  A black bear (shapeshifter) (D)
  2 black bears (D)
  A crocodile (D)
  A giant slug (D)
  A water moccasin (D)
  3 wights (D)
  A goliath beetle (D)
  A hound (D)
  3 orc wizards (D)
  A gnoll (D)
  2 adders (D)
  A green rat (D)
  A worm (D)
  2 giant eyeballs (D)
  A giant gecko (D)
  18 orcs (D)
  A bat (D)
  A bat zombie (D)
  2 hobgoblins (D)
  2 jackals (D)
  A giant newt (D)
  2 giant spores (D)
  A goblin skeleton (D)
  A kobold skeleton (D)
  A kobold zombie (D)
  2 quokkas (D)
  4 rats (D)
  A rat skeleton (D)
  A ballistomycete (D)
  A plant (D)
103 creatures vanquished.

Vanquished Creatures (others)
  A wight (D)
  2 crimson imps (D)
  An orc (D)
4 creatures vanquished.

Grand Total: 107 creatures vanquished

Notes
Turn   | Place    | Note
--------------------------------------------------------------
     0 | D        | Caerthir, the Ogre Hunter, began the quest for the Orb.
     0 | D        | Reached XP level 1. HP: 22/22 MP: 1/1
     9 | D        | Reached skill level 5 in Throwing
   197 | D        | Reached XP level 2. HP: 31/31 MP: 2/2
   197 | D        | Reached skill level 6 in Throwing
   198 | D        | Reached skill level 7 in Throwing
   207 | D        | Found a glowing silver altar of Zin.
   207 | D        | Found an iron altar of Okawaru.
   207 | D        | Found a burning altar of Makhleb.
   207 | D        | Found a radiant altar of Vehumet.
   207 | D        | Found a blossoming altar of Fedhas.
   207 | D        | Found a basalt altar of Yredelemnul.
   207 | D        | Found a sparkling altar of Nemelex Xobeh.
   208 | D        | Found an ancient bone altar of Kikubaaqudgha.
   209 | D        | Found a snail-covered altar of Cheibriados.
   210 | D        | Found a deep blue altar of Sif Muna.
   211 | D        | Became a worshipper of Warmaster Okawaru
   243 | D        | Found a shimmering altar of Xom.
   244 | D        | Found a bloodstained altar of Trog.
   245 | D        | Found a shattered altar of Ashenzari.
   246 | D        | Found a white marble altar of Elyvilon.
   247 | D        | Found a glowing golden altar of the Shining One.
   248 | D        | Found a sparkling altar of Nemelex Xobeh.
   249 | D        | Found a bloodstained altar of Trog.
   278 | D        | Noticed a wight
   278 | D        | Noticed a wight
   278 | D        | Noticed a wight
   279 | D        | Killed a wight
   280 | D        | Killed a wight
   280 | D        | Reached skill level 9 in Throwing
   280 | D        | Reached XP level 3. HP: 37/37 MP: 3/3
   280 | D        | Reached XP level 4. HP: 45/45 MP: 4/4
   280 | D        | Killed a wight
   280 | D        | Reached skill level 10 in Throwing
   301 | D        | Noticed a crimson imp
   301 | D        | Noticed a crimson imp
   301 | D        | Noticed a hill giant
   301 | D        | Noticed a goliath beetle
   302 | D        | Killed a crimson imp
   302 | D        | Killed a crimson imp
   304 | D        | Reached skill level 13 in Throwing
   304 | D        | Reached XP level 5. HP: 36/53 MP: 5/5
   304 | D        | Reached XP level 6. HP: 41/61 MP: 6/6
   307 | D        | Killed a hill giant
   307 | D        | Acquired Okawaru's first power
   307 | D        | Reached skill level 16 in Throwing
   307 | D        | Reached XP level 7. HP: 45/67 MP: 7/7
   307 | D        | Killed a goliath beetle
   441 | D        | Noticed Psyche
   443 | D        | Killed Psyche
   443 | D        | Reached skill level 17 in Throwing
   443 | D        | Reached XP level 8. HP: 75/75 MP: 8/8
   725 | D        | Noticed a hound
   726 | D        | Reached skill level 18 in Throwing
   726 | D        | Killed a hound
   727 | D        | Noticed a fire drake
   729 | D        | Killed a fire drake
   751 | D        | Noticed a porcupine
   751 | D        | Noticed a wolf
   751 | D        | Noticed a crocodile
   751 | D        | Noticed a porcupine
   751 | D        | Noticed a porcupine
   751 | D        | Noticed a water moccasin
   751 | D        | Noticed a giant slug
   752 | D        | Killed a wolf
   752 | D        | Reached skill level 19 in Throwing
   752 | D        | Killed a crocodile
   752 | D        | Killed a porcupine
   752 | D        | Killed a porcupine
   752 | D        | Received a gift from Okawaru
   752 | D        | Reached XP level 9. HP: 78/81 MP: 9/9
   752 | D        | Killed a water moccasin
   753 | D        | Killed a porcupine
   753 | D        | Reached skill level 20 in Throwing
   757 | D        | Noticed a porcupine
   758 | D        | Killed a porcupine
   759 | D        | Killed a giant slug
   777 | D        | Noticed a black bear
   777 | D        | Noticed a polar bear
   777 | D        | Noticed a grizzly bear
   777 | D        | Noticed a grizzly bear
   777 | D        | Noticed a black bear
   777 | D        | Noticed a grizzly bear
   777 | D        | Noticed a polar bear
   778 | D        | Killed a black bear
   779 | D        | Killed a black bear
   780 | D        | Killed a grizzly bear
   780 | D        | Killed a grizzly bear
   780 | D        | Reached skill level 21 in Throwing
   780 | D        | Killed a grizzly bear
   781 | D        | Noticed a polar bear
   782 | D        | Killed a polar bear
   782 | D        | Killed a polar bear
   784 | D        | Killed a polar bear
   784 | D        | Reached skill level 22 in Throwing
   784 | D        | Reached XP level 10. HP: 91/91 MP: 10/10
   788 | D        | Acquired Okawaru's second power
   922 | D        | Noticed Sonja
   925 | D        | Killed Sonja
  1069 | D        | Noticed Urug
  1071 | D        | Noticed a wolf
  1071 | D        | Killed a wolf
  1073 | D        | Noticed Grum
  1075 | D        | Killed Urug
  1075 | D        | Received a gift from Okawaru
  1075 | D        | Reached skill level 23 in Throwing
  1076 | D        | Killed Grum
  1082 | D        | Noticed a wolf
  1083 | D        | Killed a wolf
  1099 | D        | Received a gift from Okawaru
  1111 | D        | Received a gift from Okawaru
  1158 | D        | Noticed an orc wizard
  1158 | D        | Noticed an orc wizard
  1159 | D        | Killed an orc wizard
  1162 | D        | Killed an orc wizard
  1165 | D        | Noticed an orc wizard
  1165 | D        | Killed an orc wizard
  1197 | D        | Noticed an orc warrior
  1197 | D        | Noticed an orc knight
  1197 | D        | Noticed an orc knight
  1197 | D        | Noticed an orc warrior
  1197 | D        | Noticed an orc warrior
  1197 | D        | Noticed an orc warrior
  1199 | D        | Noticed an orc warrior
  1199 | D        | Killed an orc warrior
  1200 | D        | Killed an orc warrior
  1201 | D        | Killed an orc warrior
  1201 | D        | Killed an orc warrior
  1201 | D        | Killed an orc warrior
  1202 | D        | Noticed an orc warrior
  1203 | D        | Killed an orc knight
  1203 | D        | Reached skill level 24 in Throwing
  1204 | D        | Noticed an orc warrior
  1206 | D        | Killed an orc knight
  1206 | D        | Killed an orc warrior
  1206 | D        | Killed an orc warrior
  1208 | D        | Received a gift from Okawaru
  1209 | D        | Got a bloodstained cloak {god gift}
  1214 | D        | Identified the +1 cloak of the Forgotten Runes {rElec rC++} (Okawaru gifted it to you in the Dungeon)
  1215 | D        | Noticed an orc warrior
  1215 | D        | Killed an orc warrior
  1241 | D        | Found Heoggiuck's Distillery.
  1241 | D        | Noticed an orc knight
  1241 | D        | Noticed an orc knight
  1241 | D        | Noticed an orc sorcerer
  1241 | D        | Noticed an orc knight
  1241 | D        | Noticed an orc sorcerer
  1246 | D        | Noticed a sixfirhy
  1247 | D        | Killed an orc knight
  1247 | D        | Reached XP level 11. HP: 68/97 MP: 8/11
  1247 | D        | Killed an orc sorcerer
  1247 | D        | Reached skill level 25 in Throwing
  1247 | D        | Killed an orc sorcerer
  1248 | D        | Noticed an orc knight
  1249 | D        | Killed an orc knight
  1250 | D        | Killed an orc knight
  1251 | D        | Killed an orc knight
  1252 | D        | Found Ishrah's Weapon Shoppe.
  1257 | D        | Found Reikhleupn's Assorted Antiques.
  1262 | D        | Found Withrypp's General Store.
  1265 | D        | Noticed an orc sorcerer
  1270 | D        | Killed an orc sorcerer
  1270 | D        | Reached skill level 26 in Throwing
  1288 | D        | Bought a scroll of enchant weapon I for 71 gold pieces
  1288 | D        | Bought a scroll of enchant weapon II for 71 gold pieces
  1494 | D        | Noticed a troll
  1494 | D        | Noticed a centaur warrior
  1496 | D        | Noticed a wight
  1497 | D        | Killed a wight
  1498 | D        | Killed a centaur warrior
  1499 | D        | Killed a troll
  1499 | D        | Received a gift from Okawaru
  1500 | D        | Noticed a six-headed hydra
  1502 | D        | Noticed an ogre mage
  1504 | D        | Killed a six-headed hydra
  1504 | D        | Killed an ogre mage
  1504 | D        | Reached skill level 27 in Throwing
  1505 | D        | Noticed a yaktaur
  1508 | D        | Killed a yaktaur
  1510 | D        | Noticed a naga warrior
  1514 | D        | Noticed a black bear
  1520 | D        | Killed a naga warrior
  1520 | D        | Reached skill level 5 in Fighting
  1520 | D        | Reached skill level 5 in Maces & Flails
  1522 | D        | Killed a black bear
  1526 | D        | Received a gift from Okawaru
  1527 | D        | Got a crystal crossbow {god gift}
  1528 | D        | Identified the +12,+6 crossbow of the People {elec, rC+ Int+4} (Okawaru gifted it to you in the Dungeon)
  1540 | D        | Noticed a vampire mage
  1563 | D        | HP: 4/105 [vampire mage/vampiric draining (11)]
  1568 | D        | Mangled by a vampire mage

Action                   |  1- 3 |  4- 6 |  7- 9 | 10-12 || total
-------------------------+-------+-------+-------+-------++-------
Melee: Club              |     6 |       |       |       ||     6
       Giant club        |       |       |     3 |       ||     3
 Fire: Crossbow          |       |       |       |    21 ||    21
Throw: Large rock        |    10 |     5 |    21 |    52 ||    88
       Javelin           |       |       |       |    22 ||    22
Invok: Heroism           |       |       |       |     3 ||     3
  Use: Potion            |       |     1 |       |     1 ||     2
       Scroll            |       |       |     3 |     4 ||     7
